 Dungeon Crawl Stone Soup version 0.17.1-3-g152610e (webtiles) character file.

336 Jerry the Shield-Bearer (level 6, 0/51 HPs)
             Began as a Draconian Fighter on Mar 29, 2016.
             Was a Follower of Qazlal.
             Slain by jesusflecha's ghost (13 damage)
             ... on level 3 of the Dungeon.
             The game lasted 00:11:23 (2678 turns).

Jerry the Shield-Bearer (Draconian Fighter)         Turns: 2678, Time: 00:11:23

Health: 0/51       AC:  9    Str: 18    XL:     6   Next: 28%
Magic:  6/6        EV: 11    Int: 10    God:    Qazlal [*.....]
Gold:   80         SH: 12    Dex: 11    Spells: 0 memorised, 5 levels left

rFire  . . .     SeeInvis .     a - +0 flail
rCold  . . .     Clarity  .     (armour unavailable)
rNeg   . . .     SustAt   .     b - +1 shield
rPois  .         Gourm    .     (helmet restricted)
rElec  .         Spirit   .     (no cloak)
rCorr  .         Warding  .     j - +2 pair of gloves
rMut   .         Stasis   .     (no boots)
MR     .....                    (no amulet)
Stlth  +.........               (no ring)
                                (no ring)

@: not resistant to hostile enchantments, very unstealthy
A: unfitting armour, cold-blooded, AC +6
a: Renounce Religion


You were on level 3 of the Dungeon.
You worshipped Qazlal.
Qazlal was aware of your devotion.
You were not hungry.

You visited 1 branch of the dungeon, and saw 3 of its levels.

You collected 80 gold pieces.

Inventory:

Hand Weapons
 a - a +0 flail (weapon)
Armour
 b - a +1 shield (worn)
 j - a +2 pair of gloves (worn)
Scrolls
 g - 4 scrolls of remove curse
 h - 2 scrolls of identify
 l - a scroll of enchant weapon {unknown}
 o - 3 scrolls of amnesia {unknown}
 p - 2 scrolls of fear {unknown}
 q - a scroll of noise {unknown}
Potions
 e - a potion of curing
 f - 2 potions of cancellation {unknown}
 k - a potion of brilliance {unknown}
 m - a potion of lignification
 s - a potion of mutation {unknown}
Comestibles
 d - 7 bread rations
 i - 2 meat rations


   Skills:
 - Level 3.2 Fighting
 + Level 4.3 Maces & Flails
 + Level 4.1 Dodging
 + Level 4.7 Shields


You had 5 spell levels left.
You didn't know any spells.

Dungeon Overview and Level Annotations

Branches:
Dungeon (3/15)

Altars:
Okawaru
Qazlal

Annotations:
D:3 jesusflecha's ghost, amateur MiFi


Innate Abilities, Weirdness & Mutations

Your plain brown scales are hard (AC +6).
Your body does not fit into most forms of armour.
You are cold-blooded and may be slowed by cold attacks.


Message History

You are too injured to fight recklessly!
You barely miss jesusflecha's ghost.
Jesusflecha's ghost is severely damaged.
You block jesusflecha's ghost's attack.
You hit jesusflecha's ghost.
Jesusflecha's ghost is almost destroyed.
You block jesusflecha's ghost's attack.
You hit jesusflecha's ghost but do no damage.
Jesusflecha's ghost is almost destroyed.
You block jesusflecha's ghost's attack.
You hit jesusflecha's ghost.
You tail-slap jesusflecha's ghost, but do no damage.
Jesusflecha's ghost is almost destroyed.
You block jesusflecha's ghost's attack.
You hit jesusflecha's ghost but do no damage.
Jesusflecha's ghost is almost destroyed.
Jesusflecha's ghost hits you.
* * * LOW HITPOINT WARNING * * *
Jesusflecha's ghost hits you!
You die...

.... #....#
... ##.###
#.. #.. #
######.##..#
#...@W....>#
#.####.#####
#.# # #.#
#.# #.# #.#
#.# #.#


You could see jesusflecha's ghost.

Vanquished Creatures
  Sigmund (D:2)
  Ijyb (D:2)
  An orc wizard (D:3)
  Robin (D:2)
  2 adders
  An ooze (D:1)
  2 worms
  11 orcs (D:3)
  A ball python (D:1)
  4 giant cockroaches
  13 goblins
  8 hobgoblins
  3 jackals (D:2)
  6 kobolds
  3 quokkas
  9 bats
  A giant newt (D:2)
  6 rats
74 creatures vanquished.

Notes
Turn   | Place    | Note
--------------------------------------------------------------
     0 | D:1      | Jerry the Draconian Fighter began the quest for the Orb.
     0 | D:1      | Reached XP level 1. HP: 19/19 MP: 1/1
   147 | D:1      | Reached XP level 2. HP: 26/26 MP: 2/2
   547 | D:2      | Reached XP level 3. HP: 17/31 MP: 3/3
   800 | D:2      | Found a stormy altar of Qazlal.
   807 | D:2      | Became a worshipper of Qazlal Stormbringer
   827 | D:2      | Noticed Ijyb
   862 | D:2      | Killed Ijyb
  1099 | D:2      | Noticed Sigmund
  1102 | D:2      | Reached XP level 4. HP: 38/38 MP: 4/4
  1121 | D:2      | HP: 1/38 [something (1)]
  1123 | D:2      | Killed Sigmund
  1123 | D:2      | Reached skill level 4 in Shields
  1123 | D:2      | Reached XP level 5. HP: 2/45 MP: 5/5
  1579 | D:2      | Noticed Robin
  1629 | D:2      | Killed Robin
  1708 | D:2      | Reached * piety under Qazlal
  1740 | D:3      | Noticed jesusflecha's ghost (amateur MiFi)
  2054 | D:3      | Reached XP level 6. HP: 46/51 MP: 6/6
  2164 | D:3      | Found an iron altar of Okawaru.
  2678 | D:3      | Slain by jesusflecha's ghost

Action                   |  1- 3 |  4- 6 || total
-------------------------+-------+-------++-------
Melee: Flail             |   131 |   209 ||   340
  Use: Potion            |       |     3 ||     3
       Scroll            |       |     4 ||     4
 Stab: Sleeping          |     1 |       ||     1
  Eat: Chunk             |     1 |     4 ||     5
       Beef jerky        |       |     1 ||     1
